 Dungeon Crawl Stone Soup version 0.29.1-1-gd02db6906a (webtiles) character file.

Game seed: 18286011190017974917

203 Low2 the Poker (level 5, -5/54 HPs)
             Began as an Ogre Gladiator on Oct 16, 2022.
             Was an Initiate of Ru.
             Slain by an ogre
             ... wielding a +0 giant spiked club
              (17 damage)
             ... on level 4 of the Dungeon.
             The game lasted 00:10:31 (2313 turns).

Low2 the Poker (Ogre Gladiator)                     Turns: 2313, Time: 00:10:32

Health: -5/54      AC:  3    Str: 20    XL:     5   Next: 81%
Magic:  5/5        EV: 10    Int:  9    God:    Ru [......]
Gold:   51         SH:  0    Dex: 10    Spells: 4/4 levels left

rFire   . . .      SeeInvis .   g - +3 short sword
rCold   . . .      Faith    .   (no shield)
rNeg    . . .      Spirit   .   b - +0 robe
rPois   .          Reflect  .   c - +0 hat
rElec   .          Harm     .   (no cloak)
rCorr   .          Rampage  .   (gloves unavailable)
Will    .....                   (boots unavailable)
Stlth   +.........              (no amulet)
HPRegen 0.18/turn               (no ring)
MPRegen 0.09/turn               (no ring)

@: no status effects
A: large, unfitting armour, tough skin 1
a: Renounce Religion


You were on level 4 of the Dungeon.
You worshipped Ru.
Ru was noncommittal.
You visited 2 branches of the dungeon, and saw 5 of its levels.

You collected 51 gold pieces.

Inventory:

Hand Weapons
 a - a +0 trident
 g - a +3 short sword (weapon)
Missiles
 e - 4 large rocks
 m - 2 poisoned darts (quivered)
Armour
 b - a +0 robe (worn)
 c - a +0 hat (worn)
Jewellery
 f - a ring of resist corrosion
Scrolls
 d - 4 scrolls of identify {unknown}
 l - a scroll of fear {unknown}
 n - 2 scrolls of teleportation {unknown}
Potions
 i - a potion of flight


   Skills:
 + Level 3.9 Fighting
 + Level 1.9 Short Blades
 + Level 3.9 Polearms
 + Level 2.6 Throwing
 + Level 3.7 Dodging
 + Level 0.4 Stealth


You had 4 spell levels left.
You didn't know any spells.
Your spell library contained the following spells:

 Spells                   Type           Power      Damage    Failure   Level
 Conjure Flame            Conj/Fire      0%         6-21      77%         3
 Ignite Poison            Fire/Tmut/Pois 0%         N/A       77%         3
 Sticky Flame             Conj/Fire      0%         2d3       99%         4


Dungeon Overview and Level Annotations

Branches:
Dungeon (4/15)             Temple (1/1) D:4

Altars:
Ashenzari
Cheibriados
Dithmenos
Fedhas
Gozag
Qazlal
Ru
Sif Muna
Trog
Uskayaw
Vehumet
Xom
The Shining One


Innate Abilities, Weirdness & Mutations

You are too large for most types of armour.
You have tough skin. (AC +1)


Message History

Aim: an iguana (61% to hit)
You throw a poisoned dart.
The poisoned dart closely misses the iguana.
Throw: 4 darts (poison)
Press: ? - help, Q - select action, (/) - cycle Shift-Dir - straight line, f/p - iguana
Aim: an iguana (61% to hit)
You throw a poisoned dart.
The poisoned dart closely misses the iguana.
Throw: 3 darts (poison)
Press: ? - help, Q - select action, (/) - cycle Shift-Dir - straight line, f/p - iguana
Aim: an iguana (61% to hit)
You throw a poisoned dart. The poisoned dart hits the iguana.
The iguana is poisoned.
The iguana bites you!
The ogre shouts!
Unknown command.
You hit the iguana.
The iguana is moderately wounded.
The iguana closely misses you.
You hit the iguana but do no damage.
The iguana is heavily wounded.
The iguana bites you but does no damage.
You hit the iguana.
The iguana is severely wounded.
The ogre barely misses you. The iguana barely misses you.
You hit the iguana.
You kill the iguana!
The ogre hits you with a +0 giant spiked club!
Found a piece from Xom's chessboard (15/15).
Found a shimmering altar of Xom.
Things that are here:
a poisoned dart; an iguana corpse You hit the ogre.
The ogre is lightly wounded.
The ogre hits you with a +0 giant spiked club!!
* * * LOW HITPOINT WARNING * * *
You hit the ogre.
The ogre is moderately wounded.
The ogre hits you with a +0 giant spiked club!
You die...

*** *,,,,,,,,,,,*,,,* *,*
*,,,,,**,,*,*._.# *,*
*,,,,,**,,*,*...# ,,*
*,,,,.#*,,*,*..(# ,,*
*,,,,....,,,,...# ,,*
*****#...,***...# *,*
#,#..###...# *,*
**#.#........# *,*
*,,.>...#@O..# *,*
*#***,*#..#.######
*,*###(.,,,*#....<....#
*,,,...*****####.....##
****#.######## ###.#.#
#####.#......#####.#.# ***
....<.....)........#.###.#
...................#.....#
##.#..#†............)###.#


You could see an ogre.

Vanquished Creatures
  The ghost of xian the Sneak, an amateur OpEn (D:3)
  A howler monkey (D:4)
  An iguana (D:4)
  2 adders
  2 dart slugs
  3 orcs
  3 bats
  3 endoplasms
  3 hobgoblins
  5 jackals (D:1)
  3 kobolds
  3 quokkas
  6 ball pythons
  6 goblins
  A rat (D:2)
43 creatures vanquished.

Notes
Turn   | Place    | Note
-------+----------+-------------------------------------------
     0 | D:1      | Low2 the Ogre Gladiator began the quest for the Orb.
     0 | D:1      | Reached XP level 1. HP: 22/22 MP: 1/1
   149 | D:1      | Reached XP level 2. HP: 21/29 MP: 2/2
   529 | D:2      | Reached XP level 3. HP: 32/37 MP: 3/3
   927 | D:3      | Found a runed translucent gate.
   927 | D:3      | Found a runed translucent gate.
   927 | D:3      | Found a runed translucent gate.
   927 | D:3      | Noticed xian's ghost (amateur OpEn)
   955 | D:3      | Killed xian's ghost
   956 | D:3      | Reached XP level 4. HP: 26/46 MP: 4/4
  1042 | D:3      | Reached skill level 1 in Short Blades
  1171 | D:3      | Found a sacrificial altar of Ru.
  1181 | D:3      | Became a worshipper of Ru the Awakened
  1250 | D:3      | Reached XP level 5. HP: 35/54 MP: 5/5
  1664 | D:4      | Found a staircase to the Ecumenical Temple.
  1672 | Temple   | Entered the Ecumenical Temple
  2300 | D:4      | Noticed an ogre
  2311 | D:4      | Found a shimmering altar of Xom.
  2313 | D:4      | Slain by an ogre

Illustrated notes

Levels and vault maps discovered:
D:1:      lemuel_arrival_broad_hall, layout_loops_corners
D:2:      layout_loops_ring, serial_shops, shop
D:3:      layout_basic, mainiacjoe_overflow_24_doors, ebering_ghost_rock_garden
D:4:      layout_basic, xom_butterflies, minmay_temple_entry_enclosed_plants
Temple:   grunt_temple_mini_profane

Skill      XL: |  1  2  3  4 |
---------------+-------------+-----
Fighting       | 3 |  3.9
Dodging        | 3 |  3.7
Short Blades   | 1 |  1.9
Polearms       | |  3.9
Throwing       | |  2.6
Stealth        | |  0.4

Action                   |  1- 3 |  4- 6 || total
-------------------------+-------+-------++-------
Melee: Trident           |    37 |       ||    37
       Short sword       |    47 |    61 ||   108
       Punch             |       |     1 ||     1
Throw: Throwing net      |     8 |       ||     8
       Stone             |     2 |    15 ||    17
       Large rock        |     1 |     5 ||     6
       Dart              |       |     6 ||     6
  Use: Potion            |     2 |     1 ||     3
       Scroll            |       |     3 ||     3
 Stab: Held in net/web   |     1 |       ||     1
Armor: Robe              |    43 |    16 ||    59
Dodge: Dodged            |    66 |    43 ||   109
